Map: Triton LE

Players

RhodokBear

  • Race: Terran Terran
  • League: Platinum
  • Spawn Location: 5:00

pHARM - Winner!

  • Race: Zerg Zerg
  • League: Platinum
  • Spawn Location: 11:00

VOD

Have the link to the VOD?

Description

Time

  • Played on: Aug. 20, 2019, 10:44 p.m.
  • Length: 7:43
Show
View Real Time Build Order
Export as new Build Order

RhodokBear Terran 

Build Orders:  

Get SALT Encoding   

  12  0:01  SCV  
  13  0:19  SCV, Supply Depot  
  14  0:31  SCV  
  15  0:42  Barracks  
  15  0:55  Barracks  
  15  1:07  Barracks  
  15  1:17  Supply Depot  
  15  1:30  Barracks  
  15  1:33  Marine  
  16  1:43  Supply Depot  
  16  1:48  Marine  
  16  1:52  Marine  
  18  1:58  Marine  
  19  2:05  Marine  
  20  2:10  Marine  
  21  2:15  Marine  
  21  2:17  Marine  
  23  2:25  Marine  
  23  2:28  Marine  
  18  2:47  Marine x4  
  19  3:04  Marine  
  18  3:09  Marine x2  
  18  3:10  Marine  
  21  3:17  Barracks  
  21  3:24  Marine  
  22  3:27  Marine x2  
  24  3:39  Marine  
  25  4:09  Marine x2  
  25  4:10  Marine x2  
  28  4:18  Marine  
  29  4:27  Marine x2  
  31  4:37  Marine x2  
  33  4:45  Marine x2, Refinery  
  19  5:12  Marine x2  
  19  5:13  Marine x2  
  23  5:25  SCV  
  24  5:30  Marine x3  
  27  5:37  Orbital Command  
  27  5:39  Marine  
  14  6:14  SCV  
  15  6:22  Command Center  
  15  6:23  Marine  
  16  6:32  SCV  
  17  6:42  Factory  
  17  6:45  Marine  
  18  6:47  SCV  
  15  7:21  Marine x3  
  15  7:22  Marine x2  
Show
View Real Time Build Order
Export as new Build Order

pHARM Zerg - Winner!

Build Orders: Hatch First 

Get SALT Encoding   

  12  0:00  Drone  
  13  0:15  Overlord  
  13  0:27  Drone  
  14  0:37  Drone x2  
  16  0:54  Drone  
  16  0:55  Hatchery  
  16  0:57  Drone  
  17  1:07  Drone  
  18  1:24  Spawning Pool  
  18  1:25  Drone x2  
  19  2:12  Spine Crawler  
  19  2:13  Zergling x2  
  19  2:14  Zergling x6  
  19  2:15  Queen x2  
  22  2:21  Zergling x2  
  27  2:25  Overlord  
  25  2:50  Zergling x2  
  25  2:51  Zergling x8  
  27  3:15  Extractor  
  26  3:26  Zergling x2  
  27  3:27  Zergling x18  
  35  3:44  Overlord  
  35  3:59  Queen  
  35  4:02  Queen  
  35  4:04  Zergling x8  
  35  4:05  Zergling x6  
  41  4:38  Overlord x2  
  30  5:01  Zergling x2  
  30  5:02  Zergling x18  
  33  5:08  Zergling x2  
  34  5:17  Zergling x4  
  36  5:29  Metabolic Boost  
  36  5:36  Baneling Nest  
  35  5:43  Drone x2  
  34  6:03  Drone x2  
  34  6:04  Drone x3  
  38  6:17  Lair  
  38  6:20  Drone  
  39  6:30  Baneling x2  
  39  6:31  Baneling x2  
  39  6:34  Baneling  
  36  7:14  Zergling x2  
  36  7:15  Drone x14  
Tags
 
Matchup
TvZ
Replay Pack
10.7.19
Spawn Locations
Cross Positions
Add a new tag
Caveats
  • Supply blocks, unpowered buildings, or Contaminate may cause inaccurate times.
  • Supply counts are checked every 10 seconds.